 Dungeon Crawl Stone Soup version 0.32-a0-893-gf85d74f360 (webtiles) character file.

Game seed: 1731954532728535535

40 PriceMaster the Gusty (level 3, -2/19 HPs)
             Began as a Tengu Air Elementalist on Apr 3, 2024.
             Slain by Terence
             ... wielding a +2 heavy hand axe
              (9 damage)
             ... on level 2 of the Dungeon.
             The game lasted 00:01:15 (1245 turns).

PriceMaster the Gusty (Tengu Air Elementalist)      Turns: 1245, Time: 00:01:15

Health: -2/19      AC:  3    Str: 10    XL:     3   Next: 50%
Magic:  0/7        EV: 11    Int: 15    God:
Gold:   24         SH:  0    Dex: 14    Spells: 3/6 levels left

rFire   . . .        c - +0 rapier
rCold   . . .        (no shield)
rNeg    . . .        a - +0 robe
rPois   .            (helmet restricted)
rElec   .            f - +0 cloak
rCorr   .            (no gloves)
SInv    .            (boots unavailable)
Will    .....        (no amulet)
Stlth   ++           (no ring)
HPRegen 0.23/turn    (no ring)
MPRegen 0.10/turn

%: acrobat
@: no status effects
A: beak, talons 3, acrobatic
a: no special abilities


You were on level 2 of the Dungeon.
You visited 1 branch of the dungeon, and saw 2 of its levels.

You collected 24 gold pieces.

Inventory:

Hand Weapons
 c - a +0 rapier (weapon)
Armour
 a - a +0 robe (worn)
 f - a +0 cloak (worn)
Scrolls
 d - a scroll of identify {unknown}
 h - 2 scrolls of poison {unknown}
Potions
 b - a potion of magic
 e - a potion of heal wounds
 g - a potion of enlightenment {unknown}


   Skills:
 + Level 0.1 Fighting
 + Level 1.0 Short Blades
 + Level 2.4 Dodging
 + Level 2.1 Stealth
 + Level 2.2 Spellcasting
 + Level 1.3 Conjurations
 + Level 5.1 Air Magic


You had 3 spell levels left.
You knew the following spells:

 Your Spells              Type           Power      Damage    Failure   Level
a - Shock                 Conj/Air       44%        1d5       6%          1
b - Static Discharge      Conj/Air       22%        3-4/arc   9%          2

Your spell library contained the following spells:

 Spells                   Type           Power      Damage    Failure   Level
 Swiftness                Air            17%        N/A       8%          3
 Freeze                   Ice            4%         1d3       22%         1
 Hailstorm                Conj/Ice       3%         3d5       45%         3
 Frozen Ramparts          Ice            2%         1d1       54%         3
 Airstrike                Air            8%         2d(2-18)  26%         4


Dungeon Overview and Level Annotations

Branches:
Dungeon (2/15)

Altars:

Annotations:
D:2 Terence


Innate Abilities, Weirdness & Mutations

You have a beak for a mouth.
You have claws for feet.
You can magically evade attacks while moving or waiting.


Message History

Confirm with . or Enter, or press ? or * to list all spells.
Terence is struck by an arc of lightning.
Terence is moderately wounded.
You are struck by an arc of lightning.
The lightning grounds out.
Unknown command.
Casting: Static Discharge (safe; 9% risk of failure)
Confirm with . or Enter, or press ? or * to list all spells.
Terence is struck by an arc of lightning.
Terence is moderately wounded.
You are struck by an arc of lightning.
The lightning grounds out.
Terence hits you with a +2 heavy hand axe!
Casting: Static Discharge (safe; 9% risk of failure)
Confirm with . or Enter, or press ? or * to list all spells.
Terence is struck by an arc of lightning.
Terence is heavily wounded.
You are struck by an arc of lightning.
Terence is struck by an arc of lightning.
Terence is severely wounded.
You are struck by an arc of lightning.
The lightning grounds out.
Terence barely misses you.
Casting: Static Discharge (safe; 9% risk of failure)
Confirm with . or Enter, or press ? or * to list all spells.
You don't have enough magic to cast this spell.
Unknown command.
Casting: Static Discharge (safe; 9% risk of failure)
Confirm with . or Enter, or press ? or * to list all spells.
Aiming: Shock (safe; 6% risk of failure)
Press: ? - help, Shift-Dir - straight line, f - Terence
Aim: Terence, wielding a +2 heavy hand axe and wearing a +0 chain mail (severely wounded, 77% to hit)
The zap hits Terence.
Terence is severely wounded.
Unknown command.
You hit Terence but do no damage. Your peck misses Terence.
Terence is severely wounded.
Terence closely misses you.
You hit Terence but do no damage.
Terence is severely wounded.
Terence hits you with a +2 heavy hand axe!
You die...
Terence says, "Time to find some more victims."

#.# .# #.#
.####
#.###...=
#.##.. .
#.##.#.#
#w##.#.#
#.#####......#
......@@..<#
#.##########


You could see Terence and a ribbon worm.

Vanquished Creatures
  A gnoll (D:1)
  A ball python (D:1)
  6 endoplasms (D:1)
  2 giant cockroaches (D:1)
  3 goblins (D:1)
  4 hobgoblins (D:1)
  A quokka (D:1)
  A bat (D:1)
  A frilled lizard (D:1)
  4 kobolds (D:1)
  A rat (D:1)
25 creatures vanquished.

Notes
Turn   | Place    | Note
-------+----------+-------------------------------------------
     0 | D:1      | PriceMaster the Tengu Air Elementalist began the quest for
                  | the Orb.
     0 | D:1      | Reached XP level 1. HP: 10/10 MP: 4/4
   329 | D:1      | Reached XP level 2. HP: 15/15 MP: 6/6
   508 | D:1      | Reached skill level 5 in Air Magic
   508 | D:1      | Reached XP level 3. HP: 10/19 MP: 7/7
   749 | D:1      | Learned a level 2 spell: Static Discharge
  1118 | D:1      | Reached skill level 1 in Short Blades
  1236 | D:2      | Noticed Terence
  1245 | D:2      | Slain by Terence

Illustrated notes

Levels and vault maps discovered:
D:1:      roadster_arrival_rocket_small, layout_loops_cross
D:2:      layout_loops_ring, fountainhead, uniq_natasha, uniq_jessica,
          uniq_terence

Skill      XL: |  1  2  3 |
---------------+----------+-----
Air Magic      | 5 |  5.1
Short Blades   | 1 |  1.0
Fighting       | |  0.1
Dodging        | |  2.4
Stealth        | |  2.1
Spellcasting   | |  2.2
Conjurations   | |  1.3

Action                     || total
---------------------------++-------
  Melee: Rapier            ||    44
         Peck              ||     8
         Kick              ||    11
   Cast: Static Discharge  ||     9
         Shock             ||     5
    Use: Potion            ||     1
   Stab: Sleeping          ||     3
         Distracted        ||     1
 Armour: Robe              ||    31
  Dodge: Dodged            ||    48

Table legend: (Time is in decaauts)
 A = Elapsed time spent in this place.
 B = Non-inter-level travel time spent in this place.
 C = Inter-level travel time spent in this place.
 D = Time resting spent in this place.
 E = Time spent auto-exploring this place.
 F = Levels seen in this place.
 G = Mean time per level.
                   A        B        C        D        E       F      G
               +--------+--------+--------+--------+--------+-----+--------+
         Total |   1252 |   1243 |      9 |    455 |    609 |   2 |  626.0 |
       Dungeon |   1252 |   1243 |      9 |    455 |    609 |   2 |  626.0 |
               +--------+--------+--------+--------+--------+-----+--------+

Top non-repeatable levels by time:
     D:1: 1243 daAuts
     D:2: 8 daAuts
